 Dungeon Crawl Stone Soup version 0.28-a0-1624-g820543e53a (webtiles) character file.

Game seed: 17474683877055681294

118 oldriver the Stinger (level 5, -6/42 HPs)
             Began as a Naga Venom Mage on Jan 24, 2022.
             Killed by nerve-wracking pain
             ... invoked by Grinder
              (14 damage)
             ... in a sewer.
             The game lasted 00:05:14 (5365 turns).

oldriver the Stinger (Naga Venom Mage)              Turns: 5365, Time: 00:05:14

Health: -6/42      AC:  2    Str: 11    XL:     5   Next: 2%
Magic:  0/8        EV:  9    Int: 17    God:
Gold:   67         SH:  0    Dex: 11    Spells: 6/9 levels left

rFire   . . .      SeeInvis +   e - +0 club
rCold   . . .      Faith    .   (no shield)
rNeg    . . .      Spirit   .   a - +0 robe
rPois   +          Reflect  .   (no helmet)
rElec   .          Harm     .   (no cloak)
rCorr   .          Rampage  .   (no gloves)
Will    .....                   (no barding)
Stlth   +++.......              (no amulet)
HPRegen 0.14/turn               (no ring)
MPRegen 0.11/turn               (no ring)

@: short of breath, very slow
A: AC +1, large, see invisible, deformed body, poison resistance, slowness 2,
spit poison 1, naga tail 1
a: Spit Poison


You were in a sewer.
You visited 1 branch of the dungeon, and saw 3 of its levels.
You also visited: Sewer.

You collected 67 gold pieces.

Inventory:

Hand Weapons
 e - a +0 club (weapon)
Armour
 a - a +0 robe (worn)


   Skills:
 - Level 1.5 Dodging
 + Level 5.5 Stealth
 + Level 2.6 Spellcasting
 - Level 1.0 Transmutations
 + Level 5.6 Poison Magic


You had 6 spell levels left.
You knew the following spells:

 Your Spells              Type           Power      Damage    Failure   Level
a - Sting                 Tmut/Pois      52%        1d5       4%          1
b - Poisonous Vapours     Pois/Air       22%        N/A       9%          2

Your spell library contained the following spells:

 Spells                   Type           Power      Damage    Failure   Level
 Olgreb's Toxic Radiance  Pois           21%        N/A       19%         4
 Mephitic Cloud           Conj/Pois/Air  8%         N/A       26%         3
 Corpse Rot               Necr/Air       4%         N/A       28%         2
 Dazzling Flash           Conj/Hex       4%         N/A       50%         3
 Summon Ice Beast         Ice/Summ       2%         N/A       88%         4
 Fire Storm               Conj/Fire      1%         7d1       100%        9


Dungeon Overview and Level Annotations

Branches:
Dungeon (3/15)              Sewer (1/1)

Altars:

Annotations:
Sewer Grinder


Innate Abilities, Weirdness & Mutations

Your serpentine skin is tough. (AC +1)
You have supernaturally acute eyesight. (SInv)
Armour fits poorly on your strangely shaped body.
Your system is resistant to poisons. (rPois)
You cover ground very slowly.
You can spit poison.
You have a snake-like lower body.


Message History

A kobold comes into view. It is wielding a +0 whip.
Casting: Sting (safe; 4% risk of failure)
Confirm with . or Enter, or press ? or * to list all spells.
Aiming: Sting (safe; 4% risk of failure)
Press: ? - help, Shift-Dir - straight line, f/p - Grinder
Aim: Grinder (poisoned, 68% to hit)
The sting misses Grinder.
Grinder hits you.
You writhe in agony.
A kobold comes into view. It is wielding a +0 short sword.
Unknown command.
Casting: Sting (safe; 4% risk of failure)
Confirm with . or Enter, or press ? or * to list all spells.
Aiming: Sting (safe; 4% risk of failure)
Press: ? - help, Shift-Dir - straight line, f/p - Grinder
Aim: Grinder (lightly wounded, poisoned, 68% to hit)
The sting hits Grinder.
Grinder partially resists.
Grinder is lightly wounded.
Grinder hits you.
* * * LOW HITPOINT WARNING * * *
You writhe in agony.
* * * LOW HITPOINT WARNING * * *
You aren't carrying any scrolls.
You feel better. Grinder completely misses you.
You aren't carrying any items that you can evoke.
Aiming: Spit Poison (1% risk of failure)
Press: ? - help, Shift-Dir - straight line, f/p - Grinder
Aim: Grinder (lightly wounded, poisoned, 54% to hit)
The splash of poison hits Grinder.
Grinder completely resists.
Grinder is lightly wounded.
Grinder completely misses you.
You barely miss Grinder.
Grinder is lightly wounded.
Grinder looks more healthy.
Grinder hits you.
* * * LOW HITPOINT WARNING * * *
You writhe in agony.
* * * LOW HITPOINT WARNING * * *
You hit Grinder.
Grinder is moderately wounded.
Grinder gestures at you. Pain shoots through your body!
You die...

####'#########
≈≈#..)#≈≈≈≈≈≈#
K≈....K≈≈≈.≈≈#
.K.#.J....# '####
##≈#######'#
......#≈≈≈#...)..#
≈≈.≈..#≈≈≈#†..≈.≈#
≈≈≈≈≈...≈.5.≈≈≈≈≈#
≈≈≈≈≈≈#..@#.≈≈≈≈≈#
≈≈≈≈≈≈≈..÷#≈≈≈≈≈≈#
≈≈≈≈≈≈#...#≈≈≈≈≈≈#
≈≈≈≈≈≈#...≈≈≈≈≈≈≈#
≈≈≈≈≈≈#...#≈≈≈≈≈≈#
#≈≈≈#≈≈≈≈≈≈≈...#≈≈≈≈≈≈#
#≈≈≈#≈≈≈≈≈≈≈...≈≈≈≈≈≈≈#
#≈≈≈#≈≈≈≈≈≈#...#≈≈≈≈≈≈#
#≈≈≈#≈≈≈≈≈≈≈...#≈≈≈≈≈≈#


You could see Grinder and a kobold.

Vanquished Creatures
  3 adders
  3 ufetubi (Sewer)
  An adder zombie (Sewer)
  2 worms
  A dart slug (D:2)
  3 bats
  A bat zombie (Sewer)
  7 endoplasms
  4 giant cockroaches
  4 hobgoblins
  3 quokkas
  7 ball pythons
  4 frilled lizards
  5 goblins
  11 kobolds
  5 rats
64 creatures vanquished.

Vanquished Creatures (others)
  2 endoplasms (Sewer)
  A giant cockroach zombie (Sewer)
  4 fungi (D:3)
  4 plants (D:3)
11 creatures vanquished.

Grand Total: 75 creatures vanquished

Notes
Turn   | Place    | Note
-------+----------+-------------------------------------------
     0 | D:1      | oldriver the Naga Venom Mage began the quest for the Orb.
     0 | D:1      | Reached XP level 1. HP: 15/15 MP: 3/3
   415 | D:1      | Reached XP level 2. HP: 19/22 MP: 0/5
   486 | D:1      | Learned a level 2 spell: Poisonous Vapours
  1800 | D:2      | Reached XP level 3. HP: 24/28 MP: 3/6
  1873 | D:2      | Got Anetsos's Handbook of Snow and Battle Magic
  2506 | D:2      | Reached skill level 5 in Poison Magic
  3076 | D:2      | Reached XP level 4. HP: 36/36 MP: 1/7
  3904 | D:3      | Reached skill level 5 in Stealth
  3937 | D:3      | Found a glowing drain.
  4053 | Sewer    | Entered a sewer
  5331 | Sewer    | Reached XP level 5. HP: 19/42 MP: 0/8
  5353 | Sewer    | Noticed Grinder
  5356 | Sewer    | Identified the +1 hunting sling "Lifux" {vorpal, rN+ Int+4
                  | Stlth+}
  5365 | Sewer    | Killed from afar by Grinder

Illustrated notes

Levels and vault maps discovered:
D:1:      lightli_arrival_quake, layout_rooms, serial_curves, eino_curves_01,
          eino_curves_03, hangedman_decor_growths
D:2:      cheibrodos_helix_gallery, layout_basic, st_stairs_6
D:3:      layout_loops_ring, nemelex_spade_bored_becter,
          dreamdust_ecumenical_altar_hidden_monk_grotto,
          cheibrodos_sewer_entry_drain
Sewer:    kennysheep_sewer_church

Skill      XL: |  1  2  3  4 |
---------------+-------------+-----
Stealth        | 4 5 |  5.5
Poison Magic   | 5 |  5.6
Dodging        | |  1.5
Spellcasting   | |  2.6
Transmutations | |  1.0

Action                   |  1- 3 |  4- 6 || total
-------------------------+-------+-------++-------
Melee: Unarmed           |     7 |       ||     7
       Club              |     7 |    22 ||    29
       Punch             |       |     1 ||     1
 Cast: Sting             |    56 |    55 ||   111
       Poisonous Vapours |    25 |    13 ||    38
 Abil: Spit Poison       |       |     1 ||     1
  Use: Scroll            |       |     3 ||     3
       Potion            |       |     3 ||     3
Armor: Robe              |     5 |    20 ||    25
Dodge: Dodged            |    19 |    43 ||    62

Table legend: (Time is in decaauts)
 A = Elapsed time spent in this place.
 B = Non-inter-level travel time spent in this place.
 C = Inter-level travel time spent in this place.
 D = Time resting spent in this place.
 E = Time spent auto-exploring this place.
 F = Levels seen in this place.
 G = Mean time per level.
                   A        B        C        D        E       F      G
               +--------+--------+--------+--------+--------+-----+--------+
         Total |   6134 |   6013 |    121 |   2545 |   2637 |   4 | 1533.5 |
       Dungeon |   4734 |   4613 |    121 |   1561 |   2486 |   3 | 1578.0 |
         Sewer |   1399 |   1399 |      0 |    983 |    151 |   1 | 1399.0 |
               +--------+--------+--------+--------+--------+-----+--------+

Top non-repeatable levels by time:
     D:2: 2566 daAuts
     D:1: 1934 daAuts
   Sewer: 1399 daAuts
     D:3: 233 daAuts
